 Dungeon Crawl Stone Soup version 0.28-a0-479-g5baa6b73be (webtiles) character file.

Game seed: 4097742840236664095

2603 Dabor the Conjurer (level 9, -4/62 HPs)
             Began as a Demigod Conjurer on Sept 18, 2021.
             Slain by an orc warrior (17 damage)
             ... on level 7 of the Dungeon.
             The game lasted 00:17:12 (9068 turns).

Dabor the Conjurer (Demigod Conjurer)               Turns: 9068, Time: 00:17:13

Health: -4/62      AC:  9    Str:  8    XL:     9   Next: 12%
Magic:  1/19       EV: 13    Int: 32    God:
Gold:   292        SH:  6    Dex: 12    Spells: 5/16 levels left

rFire   . . .      SeeInvis .   t - +2 falchion (holy)
rCold   . . .      Faith    .   j - +1 buckler
rNeg    . . .      Spirit   .   a - +0 robe
rPois   .          Reflect  .   (no helmet)
rElec   .          Harm     .   v - +2 cloak {rCorr}
rCorr   +          Rampage  .   (no gloves)
Will    .....                   (no boots)
Stlth   ++........              (no amulet)
HPRegen 0.20/turn               f - ring of wizardry
MPRegen 0.16/turn               w - +4 ring of protection

@: no status effects
A: high mp 1, forlorn
a: no special abilities


You were on level 7 of the Dungeon.
You visited 2 branches of the dungeon, and saw 8 of its levels.

You collected 292 gold pieces.

Inventory:

Hand Weapons
 g - a +2 dagger of venom
 t - a +2 falchion of holy wrath (weapon)
Armour
 a - a +0 robe (worn)
 j - a +1 buckler (worn)
 v - a +2 cloak of preservation (worn)
Jewellery
 f - a ring of wizardry (left hand)
 w - a +4 ring of protection (right hand)
 x - a ring of flight
 C - a ring of ice
Wands
 h - a wand of paralysis (9)
 q - a wand of flame (10)
 r - a wand of mindburst (12)
 y - a wand of digging (3)
Scrolls
 b - 2 scrolls of immolation
 c - 3 scrolls of amnesia
 i - 3 scrolls of fog
 m - a scroll of identify
 u - 2 scrolls of magic mapping
 z - 2 scrolls of teleportation {unknown}
 B - a scroll of vulnerability
Potions
 d - 4 potions of curing
 e - a potion of degeneration {unknown}
 k - a potion of might {unknown}
 l - 3 potions of haste
 n - 3 potions of berserk rage {unknown}
 o - 3 potions of heal wounds {unknown}
 p - a potion of lignification
 s - a potion of ambrosia {unknown}
 A - a potion of flight {unknown}


   Skills:
 + Level 4.7 Dodging
 - Level 4.1 Stealth
 + Level 3.9 Shields
 + Level 4.3 Spellcasting
 + Level 5.7 Conjurations
 + Level 5.1 Hexes
 * Level 3.9 Ice Magic


You had 5 spell levels left.
You knew the following spells:

 Your Spells              Type           Power      Damage    Failure   Level
a - Magic Dart            Conj           100%       1d8       1%          1
b - Searing Ray           Conj           88%        2d7       1%          2
c - Fulminant Prism       Conj/Hex       20%        3d13      2%          4
d - Hailstorm             Conj/Ice       38%        3d9       3%          4

Your spell library contained the following spells:

 Spells                   Type           Power      Damage    Failure   Level
 Dazzling Flash           Conj/Hex       82%        N/A       1%          3
 Iskenderun's Mystic Bla  Conj/Tloc      25%        2d7       7%          4
 Ice Form                 Ice/Tmut       19%        N/A       10%         4
 Simulacrum               Ice/Necr       9%         N/A       80%         6


Dungeon Overview and Level Annotations

Branches:
Dungeon (7/15)             Temple (1/1) D:5

Shops:
D:1 ?


Innate Abilities, Weirdness & Mutations

Your attributes grow dramatically as you level up.
You have an increased reservoir of magic. (+10% MP)
You shall have no god before yourself.


Message History

The orc warrior is severely wounded.
The orc warrior hits you with a +0 scimitar.
Casting: Searing Ray (safe; 1% risk of failure)
Confirm with . or Enter, or press ? or * to list all spells.
Aiming: Searing Ray (safe; 1% risk of failure)
Press: ? - help, Shift-Dir - straight line, f/p - orc warrior
Aim: an orc warrior, wielding a +0 scimitar and wearing a +0 chain mail (severely wounded, 80% to hit)
The searing ray hits the orc warrior!
The orc warrior is almost dead.
The searing ray hits the orc priest.
The orc priest is almost dead.
The searing ray hits something. (Press . to maintain the ray.)
The orc warrior hits you with a +0 scimitar!
The orc priest calls upon Beogh to heal the orc warrior.
The orc warrior is healed somewhat.
The searing ray hits the orc warrior but does no damage.
The orc warrior is severely wounded.
The searing ray hits the orc priest.
You kill the orc priest!
The orc warrior closely misses you.
You hit the orc warrior but do no damage.
The orc warrior is severely wounded.
The orc warrior hits you with a +0 scimitar!
You closely miss the orc warrior.
The orc warrior is severely wounded.
You block the orc warrior's attack.
The orc warrior hits you with a +0 scimitar.
You hit the orc warrior.
The orc warrior is almost dead.
The orc warrior barely misses you.
You hit the orc warrior.
The orc warrior is almost dead.
The orc warrior hits you but does no damage.
You hit the orc warrior but do no damage.
The orc warrior is almost dead.
The orc warrior hits you with a +0 scimitar!
* * * LOW HITPOINT WARNING * * *
The orc warrior hits you with a +0 scimitar!
You die...

#.##......^#.###.####
#.#######.##......... #.#
#.##.###.#### #.# #........#
##.# ###...#### #..##
##.....## #.#.## ##.......##
#
##.####....####.........####
...........@o{'.........'...
##.####....####.........####
#.#.## ##.......## # #.###
##.....## #.# ##...## #.#
##J## #.# #†# ..# #.# ##.#


You could see an orc warrior.

Vanquished Creatures
  A troll (D:5)
  Grinder (D:5)
  2 steam dragons
  Duvessa (D:5)
  An orc warrior (D:6)
  A black bear (D:6)
  A hornet zombie (D:5)
  An ice beast (D:6)
  A necrophage (D:4)
  An ogre (D:6)
  A centaur (D:5)
  Blork the orc (D:5)
  2 bullfrogs (D:6)
  3 scorpions
  A wyvern skeleton (D:7)
  A water moccasin skeleton (D:6)
  Dowan (D:5)
  A howler monkey (D:7)
  A jelly (D:5)
  A bullfrog skeleton (D:5)
  3 hounds (D:5)
  6 orc priests
  Crazy Yiuf (D:6)
  4 orc wizards
  A hound skeleton (D:5)
  A howler monkey zombie (D:5)
  3 gnolls (D:6)
  2 adders
  2 white imps (D:5)
  An ufetubus (D:6)
  3 worms
  A dart slug (D:1)
  18 orcs
  4 ball pythons
  6 bats
  5 endoplasms
  8 giant cockroaches
  5 goblins
  9 hobgoblins
  4 jackals
  5 quokkas
  9 frilled lizards
  5 kobolds
  7 rats
137 creatures vanquished.

Vanquished Creatures (others)
  21 fulminant prisms
  4 plants (D:5)
25 creatures vanquished.

Grand Total: 162 creatures vanquished

Notes
Turn   | Place    | Note
-------+----------+-------------------------------------------
     0 | D:1      | Dabor the Demigod Conjurer began the quest for the Orb.
     0 | D:1      | Reached XP level 1. HP: 14/14 MP: 5/5
   322 | D:1      | Reached XP level 2. HP: 20/20 MP: 2/7
   494 | D:1      | Found Moeph's Magic Scroll Boutique.
   776 | D:1      | Learned a level 2 spell: Searing Ray
  1402 | D:2      | Reached XP level 3. HP: 26/26 MP: 2/8
  2501 | D:3      | Reached skill level 1 in Hexes
  2501 | D:3      | Reached XP level 4. HP: 28/33 MP: 2/10
  2591 | D:3      | You fall into a shaft and drop 2 floors!
  2591 | D:5      | Entered Level 5 of the Dungeon
  2720 | D:5      | Noticed Grinder
  2758 | D:4      | Reached skill level 1 in Shields
  2758 | D:4      | Reached XP level 5. HP: 20/38 MP: 5/11
  4098 | D:3      | Learned a level 4 spell: Fulminant Prism
  4219 | D:3      | Reached XP level 6. HP: 45/45 MP: 2/13
  5201 | D:5      | Noticed Duvessa
  5363 | D:5      | Paralysed by Grinder for 7 turns
  5603 | D:5      | Found a staircase to the Ecumenical Temple.
  5627 | D:5      | Noticed Blork the orc
  5634 | Temple   | Entered the Ecumenical Temple
  5814 | D:5      | Killed Blork the orc
  6257 | D:5      | Reached XP level 7. HP: 44/50 MP: 4/14
  6451 | D:5      | Noticed Dowan
  6454 | D:5      | Killed Dowan
  6455 | D:5      | Killed Duvessa
  6577 | D:5      | Paralysed by Grinder for 3 turns
  6593 | D:5      | Killed Grinder
  6594 | D:5      | Reached skill level 5 in Conjurations
  6924 | D:5      | Learned a level 4 spell: Hailstorm
  7200 | D:5      | Noticed a troll
  7207 | D:5      | Reached XP level 8. HP: 57/57 MP: 11/16
  7209 | D:5      | Killed a troll
  7210 | D:5      | Reached skill level 1 in Ice Magic
  7911 | D:6      | Reached skill level 5 in Hexes
  8231 | D:6      | Found a runed translucent door.
  8232 | D:6      | Noticed Crazy Yiuf
  8245 | D:6      | Killed Crazy Yiuf
  8740 | D:7      | Reached XP level 9. HP: 31/62 MP: 10/19
  9068 | D:7      | Slain by an orc warrior

Illustrated notes

Levels and vault maps discovered:
D:1:      scummos_arrival_checkerplants, layout_loops_ring, serial_shops, shop,
          basic_ecumenical_altar, minmay_tiny_reverse_x
D:2:      layout_basic, minmay_worlds_worst_comb
D:3:      minmay_spotlight, layout_rooms
D:4:      layout_rooms, mrwooster_statue_mirror
D:5:      layout_cave_pools, minmay_temple_entry_gardened_gates,
          dk_noncrumbling_2, minmay_fractal_squares_gapless_5,
          uniq_blork_the_orc, uniq_grinder, uniq_duvessa
D:6:      layout_rooms, uniq_crazy_yiuf_cottage
D:7:      layout_loops_corners, minmay_fractal_squares_5
Temple:   dpeg_three_leaves_temple

Skill      XL: |  1  2  3  4  5  6  7  8 |
---------------+-------------------------+-----
Stealth        | 2 3 4 |  4.1
Dodging        | 2 3 4 |  4.7
Spellcasting   | 2 3 4 |  4.3
Conjurations   | 4 5 |  5.7
Hexes          | 1 2 3 4 5 |  5.1
Shields        | 1 2 3 |  3.9
Ice Magic      | 3 |  3.9

Action                   |  1- 3 |  4- 6 |  7- 9 || total
-------------------------+-------+-------+-------++-------
Melee: Unarmed           |     5 |       |       ||     5
       Dagger            |     3 |     1 |     2 ||     6
       Falchion          |       |       |     7 ||     7
 Cast: Magic Dart        |    99 |    79 |    24 ||   202
       Searing Ray       |       |    21 |    26 ||    47
       Fulminant Prism   |       |     4 |    17 ||    21
       Hailstorm         |       |       |     1 ||     1
  Use: Scroll            |       |    10 |     5 ||    15
       Potion            |       |       |     1 ||     1
Armor: Robe              |       |    11 |     7 ||    18
Dodge: Dodged            |     6 |    28 |    19 ||    53
Block: Buckler           |       |     8 |    11 ||    19

Table legend: (Time is in decaauts)
 A = Elapsed time spent in this place.
 B = Non-inter-level travel time spent in this place.
 C = Inter-level travel time spent in this place.
 D = Time resting spent in this place.
 E = Time spent auto-exploring this place.
 F = Levels seen in this place.
 G = Mean time per level.
                   A        B        C        D        E       F      G
               +--------+--------+--------+--------+--------+-----+--------+
         Total |   9076 |   8711 |    365 |   3275 |   4240 |   8 | 1134.5 |
       Dungeon |   8663 |   8298 |    365 |   2866 |   4240 |   7 | 1237.6 |
        Temple |    413 |    413 |      0 |    409 |      0 |   1 |  413.0 |
               +--------+--------+--------+--------+--------+-----+--------+

Top non-repeatable levels by time:
     D:5: 1853 daAuts
     D:4: 1764 daAuts
     D:6: 1425 daAuts
     D:1: 1383 daAuts
     D:2: 1108 daAuts
     D:3: 938 daAuts
  Temple: 413 daAuts
     D:7: 187 daAuts
